 Dungeon Crawl Stone Soup version 0.30.0-13-g156ef70053 (console) character file.

Game seed: 17026209198786914194

87014 jejorda2 the Warrior (level 15, -2/135 HPs)
             Began as a Vine Stalker Berserker on May 17, 2023.
             Was a High Priest of Trog.
             Slain by a cyan very ugly thing (15 damage)
             ... on level 15 of the Dungeon.
             The game lasted 00:57:02 (20794 turns).

jejorda2 the Warrior (Vine Stalker Berserker)      Turns: 20794, Time: 00:57:04

Health: -2/135     AC: 25    Str: 32    XL:     15   Next: 89%
Magic:  0/16       EV: 11    Int:  7    God:    Trog [*****.]
Gold:   1243       SH:  0    Dex: 15    Spells: 14/14 levels left

rFire   . . .        a - +3 dagger (venom)
rCold   + . .        (no shield)
rNeg    . . .        t - +1 swamp dragon scales
rPois   +            s - +2 helmet {SInv}
rElec   .            L - +2 cloak
rCorr   .            G - +2 pair of gloves
SInv    +            Q - +2 pair of boots
Will    +....        J - amulet of regeneration Stlth
                     j - +4 ring of slaying
HPRegen 2.02/turn    r - ring "Zoerownez" {rC+ Str+6 SInv}
MPRegen 0.15/turn

%: guardian spirit
@: berserking, very quick
A: fangs 3, regeneration 1, magic shield, antimagic bite, no potion heal 2
a: Renounce Religion, Berserk, Trog's Hand, Brothers in Arms


You were on level 15 of the Dungeon.
You worshipped Trog.
Trog was extremely pleased with you.
You visited 2 branches of the dungeon, and saw 20 of its levels.
You also visited: Gauntlet.

You collected 1550 gold pieces.
You spent 307 gold pieces at shops.

Inventory:

Hand Weapons
 a - a +3 dagger of venom (weapon)
 b - a +2 dagger of holy wrath
Missiles
 d - 224 stones
 h - 6 atropa-tipped darts
 i - 8 javelins
 k - 6 boomerangs
 y - 33 poisoned darts (quivered)
Armour
 s - a +2 helmet of see invisible (worn)
 t - +1 swamp dragon scales (worn)
 G - a +2 pair of gloves (worn)
 L - a +2 cloak (worn)
 N - a +1 chain mail of fire resistance
 Q - a +2 pair of boots (worn)
Jewellery
 j - a +4 ring of slaying (left hand)
 p - a ring of flight
 r - the ring "Zoerownez" (right hand) {rC+ Str+6 SInv}
   (You found it in a Gauntlet)

   [ring of strength]

   Str:       It affects your strength (+6).
   rC:        It protects you from cold.
   SInv:      It lets you see invisible.
 x - the ring of Zaasuoby {Fire rPois Dex+2}
   (You found it in a Gauntlet)

   [ring of fire]

   It enhances your fire magic.
   Dex:       It affects your dexterity (+2).
   rF:        It protects you from fire.
   rC:        It makes you vulnerable to cold.
   rPois:     It protects you from poison.
 D - a ring of resist corrosion
 J - an amulet of regeneration (around neck)
 M - a ring of protection from cold
Wands
 n - a wand of polymorph (13)
 B - a wand of flame (44)
 C - a wand of digging (5)
 K - a wand of roots (5)
 R - a wand of paralysis (15)
 S - a wand of mindburst (21)
Scrolls
 c - 3 scrolls of enchant armour
 f - 6 scrolls of teleportation
 l - a scroll of fear
 q - a scroll of butterflies
 u - 3 scrolls of blinking
 w - a scroll of magic mapping
 F - 2 scrolls of fog
 O - a scroll of identify
 P - a scroll of silence
 U - a scroll of enchant weapon
Potions
 e - 5 potions of attraction
 g - 5 potions of haste
 m - a potion of invisibility
 o - 2 potions of mutation
 v - 7 potions of flight
 z - 6 potions of might
 A - 5 potions of curing
 E - a potion of cancellation
 H - 3 potions of resistance
 I - 8 potions of ambrosia
Miscellaneous
 T - a lightning rod (4/4)


   Skills:
 + Level 15.1 Fighting
 - Level 10.0 Short Blades
 + Level 11.3 Throwing
 - Level 12.0 Armour
 - Level 1.5 Dodging
 - Level 6.0 Shields
 - Level 6.0 Evocations


You had 14 spell levels left.
You didn't know any spells.
Your spell library was empty.

Dungeon Overview and Level Annotations

Branches:
Dungeon (15/15)            Temple (0/1) D:7            Lair (5/5) D:10
  Swamp (0/4) Lair:2       Spider (0/4) Lair:3        Slime (0/5) Lair:4
    Orc (0/2) D:9          Vaults (0/5) D:13         Depths (0/4) D:15
Gauntlet (visited)

Altars:
Ashenzari
Cheibriados
Dithmenos
Elyvilon
Fedhas
Gozag
Hepliaklqana
Makhleb
Nemelex Xobeh
Okawaru
Qazlal
Ru
Sif Muna
Trog
Uskayaw
Vehumet
Wu Jian
Xom
Yredelemnul
Zin
The Shining One
Jiyva

Shops:
D:3 [?

Annotations:
D:5 3 runed translucent doors, Liamsmithers's ghost, novice HuFi; avangion's ghost, novice DECj; pigah's ghost, amateur OpAE
D:7 2 transporters, elongatedgoose's ghost, novice GnFi


Innate Abilities, Weirdness & Mutations

You have razor-sharp teeth.
Your natural rate of healing is unusually fast.
When hurt, damage is shared between your health and your magic reserves.
Your bite disrupts and absorbs the magic of your enemies.
Potions cannot restore your health.


Message History

The centaur warrior hits you but does no damage.
The centaur warrior kicks you but does no damage.
The cyan very ugly thing pecks you but does no damage.
You closely miss the centaur warrior. Your bite misses the centaur warrior.
The centaur warrior is almost dead.
The centaur warrior misses you.
The centaur warrior kicks you but does no damage.
You hit the centaur warrior.
The centaur warrior is almost dead.
The cyan very ugly thing closely misses you.
The centaur warrior hits you but does no damage.
The centaur warrior kicks you but does no damage.
You barely miss the centaur warrior. You bite the centaur warrior.
You kill the centaur warrior!
Trog accepts your kill.
Unknown command.
A centaur warrior comes into view.
The centaur warrior shouts!
The centaur warrior hits you!
The centaur warrior kicks you but does no damage.
The cyan very ugly thing pecks you. The cyan very ugly thing shocks you!!
The centaur warrior hits you!
The centaur warrior kicks you but does no damage.
You see here a +0 shortbow.
You completely miss the cyan very ugly thing.
The centaur warrior wields a +0 shortbow.
The centaur warrior shoots an arrow.
The arrow hits you. The cyan very ugly thing pecks you!
The cyan very ugly thing shocks you!!
* * * LOW HITPOINT WARNING * * *
A fire dragon comes into view.
The centaur warrior misses you.
The centaur warrior kicks you but does no damage.
A red film seems to cover your vision as you go berserk!
You feel yourself moving faster!
You feel mighty!
The centaur warrior shoots an arrow.
The arrow hits you!
* * * LOW HITPOINT WARNING * * *
The centaur warrior hits you.
* * * LOW HITPOINT WARNING * * *
The centaur warrior closely misses you. The cyan very ugly thing pecks you!
You die...

#####..?###.#.# #######.....
#.....#####.#.####...........
#......<.....................
###########...####...........
.. #..######...........
#.#..####.............
#.........#...........
#..##..###..#......####. ##
#..u@c#.........####.
#.##.............##.. ...
......#.#####.....
.......................
#......................†#
#.##c..###............... #.
.... .#...........<. D##.#
##.#####.###### #. #


You could see a cyan very ugly thing, a fire dragon and 2 centaur warriors.

Vanquished Creatures
  A quicksilver ooze (Gauntlet)
  A stone giant (D:15)
  3 dire elephants (Lair:5)
  Azrael (D:14)
  A minotaur (Gauntlet)
  The ghost of thug444 the Severer, a journeyman HOFi of Beogh (D:12)
  Josephine (Lair:5)
  A fire dragon (D:14)
  Erolcha (D:11)
  3 vault guards (D:13)
  7 hydras
  An ogre mage (D:14)
  Erica (D:9)
  8 two-headed ogres
  9 centaur warriors
  7 boulder beetles
  A tengu warrior (D:13)
  Nergalle (Lair:2)
  A skyshark (Lair:3)
  A spectral death yak (Lair:5)
  A spectral anaconda (Lair:5)
  3 deep elf pyromancers
  An obsidian statue (Lair:5)
  4 necromancers (Lair:5)
  A wolf spider (Lair:3)
  14 ugly things
  4 manticores
  A moth of wrath (Gauntlet)
  3 cyclopes
  A black mamba (Lair:5)
  24 elephants
  6 cane toads
  2 gargoyles
  A dire elephant skeleton (Lair:5)
  A rime drake (shapeshifter) (D:15)
  A kobold demonologist (D:11)
  Maggie (Lair:2)
  8 komodo dragons
  A yaktaur (shapeshifter) (D:13)
  2 rime drakes
  An efreet (D:14)
  A tengu conjurer (D:13)
  A polar bear (Lair:3)
  A queen bee (D:9)
  5 trolls
  2 tyrant leeches
  3 hornets
  14 blink frogs
  A spectral elephant (Lair:5)
  Prince Ribbit (D:6)
  5 dream sheep (D:12)
  7 slime creatures (D:13)
  4 culicivoras (Lair:3)
  Sigmund (D:2)
  4 shadows
  2 water elementals (D:15)
  A ynoxinul (D:12)
  7 wraiths
  A vampire (D:13)
  2 wyverns
  19 yaks
  5 fire elementals (D:14)
  4 basilisks
  Eustachio (D:5)
  2 vampire mosquitoes
  2 steam dragons
  Menkaure (D:6)
  6 swamp worms
  2 acid dragons
  Duvessa (D:7)
  2 hell hounds (D:15)
  4 orc warriors
  10 water moccasins
  2 ice beasts
  2 black bears
  An elephant zombie (Lair:5)
  A sky beast (D:7)
  12 centaurs
  3 ogres
  An elephant skeleton (Lair:5)
  15 wolves
  3 kobold brigands
  A gnoll sergeant (D:12)
  11 bullfrogs
  Blork the orc (D:5)
  4 scorpions
  Dowan (D:7)
  9 wights
  33 killer bees
  5 electric eels
  2 howler monkeys
  A gnoll bouda (D:5)
  A jelly (D:5)
  9 orc priests
  8 hounds
  2 sleepcaps
  Jessica (D:2)
  6 iguanas
  4 hell rats (Lair:4)
  17 orc wizards
  A centaur simulacrum (D:9)
  16 gnolls
  14 adders
  A shadow imp (D:8)
  A white imp (D:7)
  4 worms
  3 dart slugs
  23 orcs
  4 endoplasms
  3 giant cockroaches
  4 goblins
  5 hobgoblins
  9 jackals
  15 kobolds
  2 quokkas (D:1)
  2 ball pythons (D:2)
  4 bats
  2 frilled lizards
  6 rats
529 creatures vanquished.

Vanquished Creatures (collateral kills)
  A vault guard (D:13)
  A centaur warrior (D:13)
  A deep elf pyromancer (D:13)
  A slime creature (D:13)
  A wraith (D:13)
  A killer bee (D:9)
6 creatures vanquished.

Grand Total: 535 creatures vanquished

Notes
Turn   | Place    | Note
-------+----------+-------------------------------------------
     0 | D:1      | jejorda2 the Vine Stalker Berserker began the quest for the
                  | Orb.
     0 | D:1      | Reached XP level 1. HP: 11/11 MP: 2/2
   157 | D:1      | Reached XP level 2. HP: 16/16 MP: 3/3
   258 | D:1      | Reached skill level 3 in Fighting
   532 | D:1      | Reached XP level 3. HP: 20/20 MP: 4/4
   974 | D:2      | Reached ** piety under Trog
   975 | D:2      | Gained mutation: Your natural rate of healing is unusually
                  | fast. [Vine Stalker growth]
   975 | D:2      | Reached XP level 4. HP: 24/24 MP: 5/5
  1142 | D:2      | Reached XP level 5. HP: 25/28 MP: 6/6
  1355 | D:2      | Noticed Jessica
  1361 | D:2      | Killed Jessica
  1835 | D:2      | Noticed Sigmund
  1842 | D:2      | Killed Sigmund
  1843 | D:2      | Reached skill level 4 in Fighting
  1843 | D:2      | Reached skill level 5 in Short Blades
  1843 | D:2      | Reached XP level 6. HP: 33/33 MP: 7/7
  2109 | D:3      | Found a shadowy altar of Dithmenos.
  2173 | D:3      | Found Ceykkahy's Antique Armour Shoppe.
  2237 | D:3      | Found Xysikem's Magic Scroll Boutique.
  2246 | D:3      | Bought a scroll of blinking for 82 gold pieces
  2406 | D:3      | Found a burning altar of Makhleb.
  2431 | D:3      | Found a sacrificial altar of Ru.
  2613 | D:3      | Found an iron altar of Okawaru.
  2617 | D:3      | Found a basalt altar of Yredelemnul.
  2619 | D:3      | Found a hide-covered altar of Uskayaw.
  2926 | D:4      | Reached XP level 7. HP: 38/38 MP: 6/8
  3474 | D:4      | Reached skill level 5 in Fighting
  3492 | D:4      | Reached *** piety under Trog
  3667 | D:4      | Found a sparkling altar of Nemelex Xobeh.
  3853 | D:5      | Entered Level 5 of the Dungeon
  3967 | D:5      | Gained mutation: You have razor-sharp teeth. [Vine Stalker
                  | growth]
  3967 | D:5      | Reached XP level 8. HP: 42/43 MP: 9/9
  4311 | D:5      | Found a bloodstained altar of Trog.
  4394 | D:5      | Noticed Blork the orc
  4403 | D:5      | Killed Blork the orc
  4584 | D:5      | Found a runed translucent gate.
  4584 | D:5      | Found a runed translucent gate.
  4584 | D:5      | Found a runed translucent gate.
  4585 | D:5      | Noticed pigah's ghost (amateur OpAE)
  4585 | D:5      | Noticed Liamsmithers's ghost (novice HuFi)
  4585 | D:5      | Noticed avangion's ghost (novice DECj)
  4663 | D:5      | Noticed Eustachio
  4669 | D:5      | Killed Eustachio
  4670 | D:5      | Reached skill level 6 in Fighting
  4889 | D:5      | Found a shimmering blue altar of Sif Muna.
  5106 | D:6      | Reached XP level 9. HP: 48/48 MP: 10/10
  5160 | D:6      | Found a shimmering altar of Xom.
  5160 | D:6      | Found a shimmering altar of Xom.
  5165 | D:6      | Noticed Prince Ribbit
  5174 | D:6      | Killed Prince Ribbit
  5174 | D:6      | Reached **** piety under Trog
  5184 | D:6      | Found a shimmering altar of Xom.
  5184 | D:6      | Found a shimmering altar of Xom.
  5184 | D:6      | Found a shimmering altar of Xom.
  5184 | D:6      | Found a shimmering altar of Xom.
  5184 | D:6      | Found a shimmering altar of Xom.
  5185 | D:6      | Found a shimmering altar of Xom.
  5185 | D:6      | Found a shimmering altar of Xom.
  5585 | D:6      | Noticed Menkaure
  5594 | D:6      | Killed Menkaure
  5644 | D:7      | Reached skill level 10 in Short Blades
  5740 | D:7      | Reached skill level 1 in Throwing
  5772 | D:7      | Found a glowing silver altar of Zin.
  5773 | D:7      | Found a glowing golden altar of the Shining One.
  5775 | D:7      | Found a white marble altar of Elyvilon.
  5818 | D:7      | Found a faded altar of an unknown god.
  5818 | D:7      | Found a faded altar of an unknown god.
  5819 | D:7      | Noticed Duvessa
  5819 | D:7      | Noticed Dowan
  5823 | D:7      | Killed Dowan
  5832 | D:7      | Killed Duvessa
  5834 | D:7      | Found a hazy altar of Hepliaklqana.
  5862 | D:7      | Noticed a two-headed ogre
  5872 | D:7      | Killed a two-headed ogre
  5873 | D:7      | Reached skill level 5 in Armour
  5873 | D:7      | Reached XP level 10. HP: 32/53 MP: 7/11
  5911 | D:7      | Found a transporter.
  5915 | D:7      | Noticed elongatedgoose's ghost (novice GnFi)
  5974 | D:7      | Noticed a two-headed ogre
  5985 | D:7      | Killed a two-headed ogre
  6073 | D:7      | Found a radiant altar of Vehumet.
  6073 | D:7      | Noticed a deep elf pyromancer
  6074 | D:7      | Found a snail-covered altar of Cheibriados.
  6075 | D:7      | Found a broken altar of Ashenzari.
  6075 | D:7      | Found a transporter.
  6084 | D:7      | Found a transporter.
  6277 | D:3      | Bought a glowing cloak for 225 gold pieces
  6402 | D:7      | Found a transporter.
  6791 | D:7      | Killed a deep elf pyromancer
  6796 | D:7      | Reached skill level 5 in Throwing
  7022 | D:8      | You fall into a shaft and drop 3 floors!
  7027 | D:11     | Noticed a kobold demonologist
  7030 | D:11     | Noticed an orange demon
  7031 | D:10     | Entered Level 10 of the Dungeon
  7126 | D:10     | Found an ornate altar of the Wu Jian Council.
  7229 | D:9      | Reached skill level 1 in Evocations
  7296 | D:9      | Reached skill level 7 in Fighting
  7328 | D:9      | Found a stormy altar of Qazlal.
  7420 | D:9      | Reached XP level 11. HP: 53/58 MP: 12/12
  7600 | D:9      | Noticed Erica
  7618 | D:9      | Killed Erica
  7738 | D:9      | Found a staircase to the Orcish Mines.
  8127 | D:9      | Noticed a centaur warrior
  8142 | D:9      | Killed a centaur warrior
  8143 | D:9      | Reached skill level 8 in Fighting
  8143 | D:9      | Reached skill level 5 in Evocations
  8184 | D:9      | Noticed a boulder beetle
  8198 | D:9      | Killed a boulder beetle
  8305 | D:8      | Found a blossoming altar of Fedhas.
  9088 | D:7      | Found a staircase to the Ecumenical Temple.
  9340 | D:10     | Noticed a two-headed ogre
  9345 | D:10     | Killed a two-headed ogre
  9346 | D:10     | Reached skill level 9 in Fighting
  9513 | D:10     | Reached skill level 10 in Fighting
  9528 | D:10     | Found a staircase to the Lair.
  9575 | D:10     | Found an opulent altar of Gozag.
 10114 | Lair:1   | Entered Level 1 of the Lair of Beasts
 10219 | Lair:1   | Reached skill level 1 in Shields
 10219 | Lair:1   | Reached XP level 12. HP: 67/67 MP: 13/13
 10817 | Lair:1   | Reached ***** piety under Trog
 11081 | Lair:2   | Noticed Nergalle
 11093 | Lair:2   | Killed Nergalle
 11154 | Lair:2   | Reached skill level 11 in Fighting
 11220 | Lair:2   | Noticed a seven-headed hydra
 11222 | Lair:2   | Noticed an eight-headed hydra
 11225 | Lair:2   | Killed a seven-headed hydra
 11503 | Lair:2   | Noticed Maggie
 11522 | Lair:2   | Killed Maggie
 11623 | Lair:2   | Killed an eight-headed hydra
 11624 | Lair:2   | Reached skill level 5 in Shields
 11808 | Lair:2   | Identified the +0 robe "Rept" {rF+ Dex+2}
 11938 | Lair:2   | Found a staircase to the Swamp.
 11950 | Lair:2   | Reached XP level 13. HP: 67/74 MP: 11/14
 12708 | Lair:3   | Reached skill level 12 in Fighting
 13031 | Lair:3   | Found a hole to the Spider Nest.
 13369 | Lair:4   | Found a viscous altar of Jiyva.
 13369 | Lair:4   | Found a staircase to the Slime Pits.
 13611 | Lair:4   | Received a gift from Trog
 13828 | Lair:4   | Reached skill level 10 in Armour
 14662 | Lair:5   | Entered Level 5 of the Lair of Beasts
 14731 | Lair:5   | Noticed Josephine
 14740 | Lair:5   | Killed Josephine
 14844 | Lair:5   | Found a hide-covered altar of Uskayaw.
 15531 | Lair:5   | Noticed a dire elephant
 15531 | Lair:5   | Noticed a dire elephant
 15547 | Lair:5   | Reached XP level 14. HP: 70/80 MP: 13/15
 15660 | Lair:5   | Noticed a dire elephant
 15675 | Lair:5   | Killed a dire elephant
 16114 | Lair:5   | Killed a dire elephant
 16123 | Lair:5   | Killed a dire elephant
 16692 | D:11     | Noticed Erolcha
 16708 | D:11     | Killed Erolcha
 17116 | D:12     | Found a runed translucent door.
 17119 | D:12     | Noticed thug444's ghost (journeyman HOFi)
 17403 | D:12     | Identified the +6 spear of Dithmenos's Favour {flame,
                  | +Blink}
 17479 | D:12     | Found the +5 robe of Night {Dark Will+ SInv}
 17567 | D:12     | Reached skill level 13 in Fighting
 17894 | D:12     | Killed thug444's ghost
 18125 | D:13     | Found a gate leading to a gauntlet.
 18137 | Gauntlet | Entered a Gauntlet
 18137 | Gauntlet | Found a transporter.
 18137 | Gauntlet | Found a transporter.
 18143 | Gauntlet | Found a transporter.
 18155 | Gauntlet | Found a transporter.
 18171 | Gauntlet | Noticed a quicksilver ooze
 18173 | Gauntlet | Found a transporter.
 18173 | Gauntlet | Found a transporter.
 18173 | Gauntlet | Found a transporter.
 18175 | Gauntlet | Found a transporter.
 18176 | Gauntlet | Found a transporter.
 18187 | Gauntlet | Found a transporter.
 18203 | Gauntlet | Found a transporter.
 18213 | Gauntlet | Found a transporter.
 18227 | Gauntlet | Found a transporter.
 18247 | Gauntlet | Found a transporter.
 18304 | Gauntlet | Identified the ring "Zoerownez" {rC+ Str+6 SInv}
 18363 | Gauntlet | Killed a quicksilver ooze
 18368 | Gauntlet | Identified the +9 falchion "Atolaolo" {protect, rPois rC+
                  | rN+ Dex+3}
 18474 | Gauntlet | Identified the ring of Zaasuoby {Fire rPois Dex+2}
 18541 | Gauntlet | Reached XP level 15. HP: 86/86 MP: 16/16
 18912 | D:13     | Found a gate to the Vaults.
 18961 | D:13     | Reached skill level 14 in Fighting
 19436 | D:14     | Reached skill level 10 in Throwing
 20215 | D:15     | Entered Level 15 of the Dungeon
 20215 | D:15     | Noticed Azrael
 20344 | D:14     | Killed Azrael
 20431 | D:15     | Found a staircase to the Depths.
 20705 | D:15     | Reached skill level 15 in Fighting
 20794 | D:15     | Slain by a cyan very ugly thing

Illustrated notes

Levels and vault maps discovered:
D:1:      elethiomel_arrival_quiet, layout_basic
D:2:      kennysheep_big_flooded_room, layout_loops_corners,
          kennysheep_cross_bottleneck, uniq_jessica, uniq_sigmund
D:3:      layout_loops_ring, nicolae_dithmenos_the_darkroom,
          nicolae_ru_sacrificial_ziggurat, lemuel_coloured_pillars_altar,
          minitemple, serial_shops, shop, shop, corner_web_ring
D:4:      layout_basic, lemuel_tele_altar, minmay_statues_item
D:5:      layout_loops_corners, nicolae_sif_muna_little_library,
          mainiacjoe_overflow_alcove_2, gammafunk_ghost_cemetery,
          minmay_a_box_with_orc_wizards_in_it, uniq_eustachio,
          uniq_blork_the_orc
D:6:      layout_cave_pools, xom_redecorated, uniq_menkaure, uniq_prince_ribbit1
D:7:      layout_loops_ring, good_gods_temple_1,
          nicolae_hepliaklqana_ecumenical_no_more,
          gammafunk_temple_overflow_arena, minmay_temple_entry_from_below_a,
          gammafunk_ghost_stat_death, uniq_duvessa
D:8:      layout_basic, mainiacjoe_overflow_chevrons, minmay_splitting_lines
D:9:      layout_basic, marbit_many_paths, orc_0_dummy, special_room
          [special_room_bee], kb_rosetta, uniq_erica
D:10:     layout_basic, nzn_wu_jian_contemplation,
          nicolae_gozag_cash_rules_everything_around_me, erik_lair_island
D:11:     layout_rooms, uniq_erolcha
D:12:     layout_loops_ring, hellmonk_ghost_big_iron,
          hellmonk_guarded_unrand_night
D:13:     layout_basic, lightli_vaults_fourway_checkpoint,
          gauntlet_entry_generic
D:14:     layout_roguey, serial_park_gazebo [serial_park_minivault_5x5_1],
          kennysheep_generic_room_11
D:15:     grunt_enter_depths_giant_problem, layout_rooms, minmay_crystal_water,
          uniq_azrael
Lair:1:   layout_regular_city, grunt_megastairs_2, lemuel_fruit_tree
Lair:2:   layout_regular_city, palyth_hydra_swamp_entry, uniq_nergalle,
          uniq_maggie
Lair:3:   minmay_lair_venomous_thicket, layout_long_grid,
          hellmonk_spider_entry_life_and_decay, serial_forest,
          infiniplex_forest_fountain, infiniplex_forest_end_3,
          infiniplex_forest_straight_2, infiniplex_forest_straight_3,
          infiniplex_forest_clump_small, chequers_serial_rivers_large_b
Lair:4:   layout_regular_city, dpeg_slime_entry_enclosed,
          nicolae_quartered_pool_super
Lair:5:   due_jungle_book, layout_loops_ring, basic_altar, uniq_josephine

Skill      XL: |  1  2  3  4  5  6  7  8  9 10 11 12 13 14 15 |
---------------+----------------------------------------------+-----
Short Blades   | 3 4 5 6 7 8 10 | 10.0
Fighting       | 3 4 5 6 7 10 11 12 13 15 | 15.1
Armour         | 2 5 6 7 11 12 | 12.0
Throwing       | 3 6 9 11 | 11.3
Evocations     | 3 6 |  6.0
Shields        | 1 5 6 |  6.0
Dodging        | |  1.5

Action                     |  1- 3 |  4- 6 |  7- 9 | 10-12 | 13-15 || total
---------------------------+-------+-------+-------+-------+-------++-------
  Melee: Short sword       |    30 |       |       |       |       ||    30
         Bite              |    17 |    29 |    72 |   237 |   697 ||  1052
         Dagger            |    38 |   101 |   196 |   558 |  1335 ||  2228
         Punch             |       |     1 |     5 |    12 |    22 ||    40
  Throw: Stone             |       |     1 |     8 |    12 |       ||    21
         Dart              |       |       |     3 |    21 |    59 ||    83
 Invoke: Berserk           |     3 |       |     6 |    13 |    25 ||    47
         Trog's Hand       |       |     1 |     1 |     6 |    13 ||    21
         Brothers in Arms  |       |       |       |     2 |     1 ||     3
    Use: Scroll            |       |       |    15 |    11 |     6 ||    32
   Stab: Distracted        |       |       |       |     1 |       ||     1
         Invisible         |       |       |       |     1 |       ||     1
 Armour: Ring mail         |    23 |     2 |       |       |       ||    25
         Animal skin       |     3 |       |       |       |       ||     3
         Scale mail        |       |    17 |     7 |       |       ||    24
         Chain mail        |       |       |    46 |     8 |       ||    54
         Plate armour      |       |       |       |   216 |       ||   216
         Swamp dragon scal |       |       |       |    15 |   570 ||   585
  Dodge: Dodged            |    39 |    31 |    64 |   160 |   512 ||   806
